 Dungeon Crawl Stone Soup version 0.18.1-5-g4a78601 (webtiles) character file.

129 RKaid the Grasshopper (level 4, -2/21 HPs)
             Began as a Felid Warper on May 12, 2016.
             Killed from afar by a white imp (5 damage)
             ... with a puff of frost
             ... summoned by Natasha
             ... on level 3 of the Dungeon.
             The game lasted 00:08:29 (4241 turns).

RKaid the Grasshopper (Felid Warper)                Turns: 4241, Time: 00:08:30

Health: -2/21      AC:  1    Str:  8    XL:     4   Next: 88%
Magic:  8/8        EV: 18    Int: 14    God:
Gold:   118        SH:  0    Dex: 16    Spells: 3 memorised, 2 levels left
                                        Lives:  0   Deaths: 1

rFire  . . .     SeeInvis +       - Unarmed
rCold  . . .     Gourm    .     (armour unavailable)
rNeg   . . .     Faith    .     (shield unavailable)
rPois  .         Spirit   .     (helmet unavailable)
rElec  .         Dismiss  .     (cloak unavailable)
rCorr  .         Reflect  .     (gloves unavailable)
SustAt .         Harm     .     (boots unavailable)
MR     .....                    (no amulet)
Stlth  ++........               (no ring)
                                m - ring of loudness (curse) {Stlth-}

@: quick, not resistant to hostile enchantments, unstealthy
A: no armour, no weapons or thrown items, claws 1, fangs 3, see invisible,
carnivore 3, speed 1, shaggy fur 1, slow metabolism 1, sharp paws
a: no special abilities


You were on level 3 of the Dungeon.
You were very full.

You visited 1 branch of the dungeon, and saw 3 of its levels.

You collected 118 gold pieces.

Inventory:

Jewellery
 k - an uncursed amulet of faith {Faith, !P}
   (You found it on level 3 of the Dungeon)
 m - a cursed ring of loudness (left paw) {Stlth-}
   (You found it on level 3 of the Dungeon)
Wands
 j - a wand of polymorph (12/24)
   (You found it on level 2 of the Dungeon)
Scrolls
 b - a scroll of blinking {!r}
 e - 3 scrolls of identify
 l - a scroll of magic mapping {!r}
Potions
 g - a potion of might {unknown}
 h - a potion of curing
 i - a potion of brilliance
Books
 a - a book of Spatial Translocations
Comestibles
 c - 2 meat rations


   Skills:
 + Level 3.6 Fighting
 - Level 3.2 Dodging
 + Level 3.9 Stealth
 + Level 4.1 Unarmed Combat
 - Level 2.0 Spellcasting
 - Level 4.4 Translocations


You had 2 spell levels left.
You knew the following spells:

 Your Spells              Type           Power        Failure   Level  Hunger
a - Shroud of Golubria    Chrm/Tloc      #.........   17%         2    ###....
b - Blink                 Tloc           N/A          10%         2    ###....
g - Apportation           Tloc           ##........   4%          1    ##.....


Dungeon Overview and Level Annotations

Branches:
Dungeon (3/15)

Altars:
Okawaru
Xom
The Shining One

Annotations:
D:3 Natasha


Innate Abilities, Weirdness & Mutations

You cannot wear armour.
You are incapable of wielding weapons or throwing items.
You have sharp claws.
You have razor-sharp teeth.
You have supernaturally acute eyesight.
You are carnivorous and can eat meat at any time.
You cover ground quickly.
You are covered in fur (AC +1).
You have a slow metabolism.
Your sharp claws are effective at attacking unaware monsters.


Message History

The giant cockroach completely misses you.
You scratch the giant cockroach.
You kill the giant cockroach!
No target in view!
No target in view!
Found an escape hatch in the ceiling.
A kobold comes into view.
The kobold shouts!
The kobold hits you.
You scratch the kobold. You claw the kobold, but do no damage.
The kobold misses you.
You scratch the kobold.
You kill the kobold!
You see here a kobold corpse.
An orc comes into view. It is wielding a mace.
An orc is nearby!
A kobold comes into view. It is wielding a dagger.
Found a shimmering altar of Xom.
The kobold shouts!
The orc shouts!
You scratch the orc but do no damage. You bite the orc. The orc misses you.
You scratch the orc.
You kill the orc!
The kobold hits you with a dagger.
You scratch the kobold. The kobold completely misses you.
You scratch the kobold but do no damage.
The kobold completely misses you.
You scratch the kobold.
You kill the kobold!
No target in view!
l - 2 scrolls labeled IGGO AGAOSEETO (gained 1)
You now have 118 gold pieces (gained 12).
m - an encrusted steel ring A rat comes into view.
You closely miss the rat. You bite the rat.
You kill the rat!
You see here a rat corpse.
Put on which piece of jewellery? (? for menu, Esc to quit)
Oops, that ring feels deathly cold.
m - a cursed ring of loudness (left paw) Read which item? (? for menu, Esc to quit)
As you read the scroll labeled WEGRACYUM, it crumbles to dust.
It is a scroll of identify.
Identify which item? (\ to view known items) (? for menu, Esc to quit)
i - a potion of brilliance Read which item? (? for menu, Esc to quit)
As you read the scroll labeled TERE CUSSOS, it crumbles to dust.
It is a scroll of enchant weapon.
You aren't carrying any weapons that can be enchanted.
Read which item? (? for menu, Esc to quit)
As you read the scroll labeled IGGO AGAOSEETO, it crumbles to dust.
You feel aware of your surroundings.
It was a scroll of magic mapping.
Read which item? (? for menu, Esc to quit)
As you read the scroll labeled CYFUEPP ADOAPIG, it crumbles to dust.
It is a scroll of amnesia.
Forget which spell ([?*] list [ESC] exit)?
Forget which spell ([?*] list [ESC] exit)?
Okay, then.
Drop what? 12/52 slots (_ for help) (? for menu, Esc to quit)
You drop 2 scrolls of enchant weapon.
An ooze comes into view.
The ooze misses you.
Found a stone staircase leading down.
You scratch the ooze but do no damage. The ooze closely misses you.
You barely miss the ooze. The ooze hits you.
You claw the ooze! The ooze barely misses you.
You scratch the ooze.
You kill the ooze!
You start resting.
A giant gecko and a hobgoblin come into view.
You barely miss the giant gecko. The giant gecko barely misses you.
You barely miss the giant gecko. You bite the giant gecko.
The giant gecko bites you.
You scratch the giant gecko.
You kill the giant gecko!
You see here a giant gecko corpse.
You claw the hobgoblin!
You kill the hobgoblin!
Things that are here:
a club; a hobgoblin corpse
There is a shimmering altar of Xom here.
Marking area around Natasha as unsafe for travelling.
Natasha, Servant of Life and Death comes into view.
Natasha hisses angrily.
Natasha barely misses you.
You miss Natasha. You claw Natasha. Natasha claws you!
You scratch Natasha. Your bite misses Natasha. You scratch Natasha.
Natasha mumbles some strange words.
You completely miss Natasha. Natasha casts a spell at you.
The magic dart hits you!
* * * LOW HITPOINT WARNING * * *
You claw Natasha! The white imp barely misses you.
Natasha casts a spell at you. You resist with some effort.
You closely miss Natasha. The white imp gestures at you.
The puff of frost hits you!
You die...

### #.# #.#
###############.#
#..h@5..........#
###############.#
#.# #.# #.# #.#
#.##### #......
#>.....


You could see Natasha and a white imp.

Vanquished Creatures
  Crazy Yiuf (D:2)
  Jessica (D:2)
  4 gnolls (D:3)
  5 adders
  An ooze (D:3)
  2 dart slugs
  3 giant geckos
  An orc (D:3)
  3 ball pythons
  3 giant cockroaches
  8 goblins
  4 hobgoblins
  2 jackals (D:3)
  9 kobolds
  3 quokkas (D:2)
  12 bats
  2 giant newts (D:2)
  7 rats
71 creatures vanquished.

Vanquished Creatures (others)
  A hobgoblin (D:1)
1 creature vanquished.

Grand Total: 72 creatures vanquished

Notes
Turn   | Place    | Note
--------------------------------------------------------------
     0 | D:1      | RKaid the Felid Warper began the quest for the Orb.
     0 | D:1      | Reached XP level 1. HP: 9/9 MP: 4/4
    89 | D:1      | Reached XP level 2. HP: 13/13 MP: 6/6
   344 | D:1      | Reached skill level 1 in Stealth
   467 | D:1      | Found a glowing golden altar of the Shining One.
  1064 | D:2      | Reached XP level 3. HP: 8/16 MP: 7/7
  1068 | D:2      | Reached skill level 3 in Unarmed Combat
  1287 | D:2      | Reached skill level 2 in Stealth
  1864 | D:2      | Noticed Jessica
  1872 | D:2      | Killed Jessica
  1872 | D:2      | Reached XP level 4. HP: 17/20 MP: 8/8
  2050 | D:2      | Learned a level 2 spell: Blink
  2053 | D:2      | Learned a level 2 spell: Shroud of Golubria
  2073 | D:2      | Reached skill level 3 in Stealth
  2310 | D:2      | Noticed Crazy Yiuf
  2323 | D:2      | Killed Crazy Yiuf
  2323 | D:2      | Reached skill level 3 in Fighting
  2466 | D:2      | Found an iron altar of Okawaru.
  2481 | D:2      | HP: 5/21 [poisoned by an adder]
  2906 | D:2      | HP: 5/21 [adder (4)]
  2908 | D:2      | Reached XP level 5. HP: 5/24 MP: 9/9
  2911 | D:2      | HP: 4/24 [poisoned by an adder]
  2981 | D:2      | HP: 5/24 [hobgoblin (4)]
  3341 | D:3      | Reached skill level 4 in Unarmed Combat
  3352 | D:3      | Slain by a gnoll
  3353 | D:3      | Reached XP level 4. HP: -5/21 MP: 8/8
  3517 | D:3      | HP: 5/21 [adder (4)]
  3992 | D:3      | Found a shimmering altar of Xom.
  4231 | D:3      | Noticed Natasha
  4239 | D:3      | HP: 3/21 [Natasha/magic dart (9)]
  4241 | D:3      | Killed from afar by a white imp

Skill      XL: |  1  2  3  4  5 |
---------------+----------------+-----
Stealth        | 1 2 3 |  3.9
Unarmed Combat | 3 4 |  4.1
Fighting       | 3 |  3.6
Dodging        | |  3.2
Spellcasting   | |  2.0
Translocations | |  4.4

Action                   |  1- 3 |  4- 6 || total
-------------------------+-------+-------++-------
Melee: Unarmed           |    99 |   139 ||   238
       Bite              |     8 |    14 ||    22
       Punch             |       |     2 ||     2
  Use: Scroll            |       |     4 ||     4
       Potion            |       |     2 ||     2
 Stab: Sleeping          |     5 |     3 ||     8
       Distracted        |       |     1 ||     1
  Eat: Chunk             |     8 |     8 ||    16
Armor: Skin              |     9 |     1 ||    10
Dodge: Dodged            |    85 |   105 ||   190

Vault maps used:
D:1:      minmay_arrival_up_and_down, serial_forest,
          infiniplex_forest_clump_large, infiniplex_forest_end_2,
          infiniplex_forest_clump_diagonal, infiniplex_forest_straight_4,
          infiniplex_forest_end_double, tso_metal_star
D:2:      kennysheep_okawaru_gauntlet, st_stairs_6, uniq_jessica,
          uniq_crazy_yiuf_cottage
D:3:      nicolae_overflow_crystal_walls, uniq_natasha

Table legend:
 A = Turns spent in this place as a percentage of turns spent in the entire game.
 B = Non-inter-level travel turns spent in this place as a percentage of non-inter-level travel turns spent in the entire game.
 C = Inter-level travel turns spent in this place as a percentage of turns spent in this place.
 D = Turns resting spent in this place as a percentage of non-inter-level travel turns spent in this place.
 E = Turns spent auto-exploring this place as a percentage of non-inter-level travel turns spent in this place.
 F = Non-inter-level travel turns spent in this place divided by the number of levels of this place that you've seen.
                   A       B       C       D       E      F
               +-------+-------+-------+-------+-------+----------------------
         Total | 100.0 | 100.0 |   0.0 |   4.8 |   7.3 | 275.3
       Dungeon | 100.0 | 100.0 |   0.0 |   4.8 |   7.3 | 275.3
               +-------+-------+-------+-------+-------+----------------------

Table legend:
 A = Kills in this place as a percentage of kills in entire the game.
 B = Kills by you in this place as a percentage of kills by you in the entire game.
 C = Kills by friends in this place as a percentage of kills by friends in the entire game.
 D = Other kills in this place as a percentage of other kills in the entire game.
 E = Experience gained in this place as a percentage of experience gained in the entire game.
 F = Experience gained in this place divided by the number of levels of this place that you have seen.
                   A       B       C       D       E      F
               +-------+-------+-------+-------+-------+----------------------
         Total | 100.0 | 100.0 |  -nan | 100.0 | 100.0 | 103.0
       Dungeon | 100.0 | 100.0 |  -nan | 100.0 | 100.0 | 103.0
               +-------+-------+-------+-------+-------+----------------------
